 Dungeon Crawl Stone Soup version 0.30.0-20-g3615ddf2f0 (webtiles) character file.

Game seed: 16300558691414232119

4190 qw the Cleaver (level 10, 0/65 HPs)
             Began as a Gargoyle Fighter on May 31, 2023.
             Was an Initiate of Okawaru.
             Slain by an ice beast (4 damage)
             ... summoned by Fannar
             ... on level 1 of the Lair of Beasts.
             The game lasted 00:04:05 (7781 turns).

qw the Cleaver (Gargoyle Fighter)                   Turns: 7781, Time: 00:04:05

Health: 0/65       AC: 22    Str: 31    XL:     10   Next: 29%
Magic:  9/10       EV:  8    Int:  8    God:    Okawaru [......]
Gold:   971        SH:  4    Dex:  9    Spells: 9/9 levels left

rFire   . . .        Y - +0 broad axe
rCold   . . .        c - +0 buckler
rNeg    + . .        j - +0 plate armour
rPois   inf          l - +0 helmet
rElec   +            (no cloak)
rCorr   .            o - +0 pair of gloves
SInv    +            (no boots)
Will    .....        (no amulet) Stlth
                     p - ring of see invisible
HPRegen 0.30/turn    s - +6 ring of strength
MPRegen 0.12/turn

%: no passive effects
@: no status effects
A: sickness immunity, AC +7, negative energy resistance 1, electricity
resistance, torment resistance 1, petrification resistance
a: Renounce Religion


You were on level 1 of the Lair of Beasts.
You worshipped Okawaru.
Okawaru was noncommittal.
You visited 3 branches of the dungeon, and saw 10 of its levels.

You collected 971 gold pieces.


Innate Abilities, Weirdness & Mutations

You are immune to sickness and miasma.
Your stone body is resilient. (AC +7)
You are immune to poison.
You resist negative energy. (rN+)
You are resistant to electric shocks. (rElec)
You are resistant to unholy torment.
You are immune to petrification.


   Skills:
 - Level 8.8 Fighting
 - Level 10.0 Axes
 - Level 2.3 Throwing
 - Level 6.0 Armour
 - Level 1.7 Dodging
 + Level 4.5 Shields
 - Level 1.0 Invocations


You had 9 spell levels left.
You didn't know any spells.
Your spell library was empty.

Inventory:

Hand Weapons
 h - a +1 war axe of flaming
 Y - a +0 broad axe (weapon)
Missiles
 a - 2 boomerangs
 e - 3 silver boomerangs (quivered)
Armour
 c - a +0 buckler (worn)
 j - a +0 plate armour (worn)
 l - a +0 helmet (worn)
 o - a +0 pair of gloves (worn)
 q - +0 acid dragon scales
Jewellery
 b - a ring of fire
 p - a ring of see invisible (left hand)
 s - a +6 ring of strength (right hand)
Scrolls
 g - 8 scrolls of identify
Potions
 d - a potion of might
 f - 2 potions of cancellation
 i - a potion of resistance
 k - 2 potions of lignification
 m - 2 potions of attraction
 t - 2 potions of curing

Dungeon Overview and Level Annotations

Branches:
Dungeon (8/15)             Temple (1/1) D:7            Lair (1/5) D:8

Altars:
Ashenzari
Cheibriados
Dithmenos
Elyvilon
Gozag
Hepliaklqana
Kikubaaqudgha
Makhleb
Nemelex Xobeh
Okawaru
Qazlal
Ru
Sif Muna
Trog
Uskayaw
Vehumet
Wu Jian
Xom
Yredelemnul
Zin
The Shining One

Shops:
D:8 :

Annotations:
D:4 1 runed translucent door, Crazy Yiuf
D:5 2 runed translucent doors
D:6 2 transporters, qw's ghost, novice GrFi
Lair:1 Fannar


Message History

Fannar mumbles some strange words.
Fannar blinks!
The ice beast barely misses you.
You barely miss the ice beast.
The ice beast hits you but does no damage.
Fannar mumbles some strange words.
You hit the ice beast.
The ice beast is lightly wounded.
You hit the ice beast but do no damage.
You hear the brisk rumble of a very distant avalanche of rocks.
The ice beast barely misses you.
The ice beast hits you but does no damage. x2
You closely miss Fannar.
Fannar is severely wounded.
You closely miss the ice beast. You slash the ice beast!
You block Fannar's attack.
The ice beast hits you but does no damage.
The ice beast closely misses you.
You completely miss Fannar.
Fannar is severely wounded.
You hit the ice beast. You hit the ice beast but do no damage.
Fannar hits you but does no damage. The ice beast closely misses you. x2
You barely miss Fannar.
Fannar is severely wounded.
You closely miss the ice beast. You slice the ice beast!!
You kill the ice beast!
The ice beast disappears in a puff of smoke!
Fannar murmurs some mystic words to themself.
Fannar hits you with a +0 quarterstaff of freezing.
Fannar freezes you.
The ice beast hits you but does no damage.
You hit Fannar.
Fannar is almost dead.
You slash the ice beast! Fannar hits you but does no damage.
The ice beast hits you but does no damage.
You closely miss Fannar.
Fannar is almost dead.
You hit the ice beast. Fannar hits you but does no damage.
The ice beast hits you.
You die...

#......#........ ##
##.............. ##.
#......P........ ##...
##.............. #....#
#.............. ......##
##.............
........##..............
#....¤.#......##........
#...¤.@e...### ........
##.....Y..## #.......
##.....### ........
#....### #....... #....#
#....... #..... #.....%.
....## #......< ...#
#....... #.......


You could see Fannar and an ice beast (summoned).

Vanquished Creatures
  A catoblepas (Lair:1)
  Grinder (D:5)
  Prince Ribbit (D:8)
  Sigmund (D:2)
  A steam dragon (D:7)
  2 vampire mosquitoes (D:6)
  Edmund (D:4)
  An acid dragon (D:8)
  Duvessa (D:6)
  2 ice beasts
  3 sky beasts
  3 black bears
  2 centaurs
  A kobold brigand (D:7)
  3 bullfrogs
  2 scorpions
  Dowan (D:6)
  5 hounds
  6 orc priests
  3 jellies
  A sleepcap (D:4)
  Terence (D:3)
  4 iguanas
  10 orc wizards
  4 adders
  A white imp (D:6)
  2 ufetubi
  2 worms
  5 dart slugs
  26 orcs
  8 ball pythons
  3 endoplasms (D:3)
  6 giant cockroaches
  7 goblins
  7 hobgoblins
  10 jackals
  7 kobolds
  5 quokkas
  6 bats
  5 frilled lizards
  14 rats
175 creatures vanquished.

Notes
Turn   | Place    | Note
-------+----------+-------------------------------------------
     0 | D:1      | qw the Gargoyle Fighter began the quest for the Orb.
     0 | D:1      | Reached XP level 1. HP: 14/14 MP: 1/1
     0 | D:1      | 0 ||| qw: Version: 0.2-a-102-gfc559e5
     0 | D:1      | 0 ||| qw: Game counter: 570
     0 | D:1      | 0 ||| qw: Always use a shield: true
     0 | D:1      | 0 ||| qw: God list: Okawaru
     0 | D:1      | 0 ||| qw: Allow faded altars: false
     0 | D:1      | 0 ||| qw: Do Orc after D:15 true
     0 | D:1      | 0 ||| qw: Do second Lair branch before Depths: true
     0 | D:1      | 0 ||| qw: Lair rune preference: random
     0 | D:1      | 0 ||| qw: Plans: Normal, Zot:1-4, Slime:5, God:TSO, Crypt,
                  | Tomb, Pan, Hells, Abyss, Win
     0 | D:1      | 0 ||| PLANNING D:1-11
    85 | D:1      | Reached skill level 2 in Axes
   179 | D:1      | Reached XP level 2. HP: 17/19 MP: 2/2
   242 | D:1      | 242 ||| DROPPING +0 club.
   282 | D:1      | 282 ||| Stepping ~*~*~tactically~*~*~ (stealth).
   383 | D:1      | Found a faded altar of an unknown god.
   665 | D:1      | 665 ||| UPGRADING to +0 plate armour.
   675 | D:1      | 675 ||| DROPPING +0 scale mail.
   676 | D:1      | 676 ||| UPGRADING to +0 pair of gloves.
   681 | D:1      | 681 ||| READING scroll labelled ZOCYKL CYDAI.
   682 | D:1      | 682 ||| READING 2 scrolls labelled UCISHE EMUVIOXT.
   683 | D:1      | 683 ||| READING scroll labelled KESUIFYTHU.
   687 | D:1      | 687 ||| READING scroll labelled LIRHIB ITZIGO.
   688 | D:1      | 688 ||| READING scroll labelled YLEOTU BUBAI.
   689 | D:1      | 689 ||| DRINKING 2 fuming clear potions.
   690 | D:1      | 690 ||| DRINKING 2 fizzy yellow potions.
   691 | D:1      | 691 ||| DROPPING scroll of poison.
   716 | D:2      | Reached skill level 3 in Axes
   763 | D:2      | Reached XP level 3. HP: 22/23 MP: 3/3
  1031 | D:2      | Noticed Sigmund
  1042 | D:2      | Killed Sigmund
  1043 | D:2      | Reached skill level 5 in Axes
  1043 | D:2      | Reached XP level 4. HP: 14/28 MP: 4/4
  1043 | D:2      | Reached XP level 5. HP: 16/32 MP: 5/5
  1323 | D:2      | 1323 ||| READING scroll labelled GAQUBLOLOR.
  1370 | D:3      | 1370 ||| PLANNING SEWER
  1376 | D:3      | You fall into a shaft and drop 2 floors!
  1376 | D:5      | Entered Level 5 of the Dungeon
  1391 | D:4      | Reached XP level 6. HP: 38/38 MP: 6/6
  1421 | D:4      | 1421 ||| Stepping ~*~*~tactically~*~*~ (stealth).
  1422 | D:4      | 1422 ||| Stepping ~*~*~tactically~*~*~ (stealth).
  1508 | D:4      | 1508 ||| DRINKING 2 purple potions.
  1509 | D:4      | 1509 ||| READING 2 scrolls of identify.
  1509 | D:4      | 1509 ||| IDENTIFYING fizzy coppery potion
  1510 | D:4      | 1510 ||| DROPPING potion of flight.
  1630 | D:3      | 1630 ||| Stepping ~*~*~tactically~*~*~ (stealth).
  1636 | D:3      | Noticed Terence
  1648 | D:3      | Killed Terence
  1720 | D:3      | 1720 ||| Stepping ~*~*~tactically~*~*~ (stealth).
  1731 | D:3      | Reached skill level 6 in Axes
  1733 | D:3      | Noticed a sky beast
  1741 | D:3      | Killed a sky beast
  1742 | D:3      | Reached XP level 7. HP: 38/43 MP: 7/7
  1820 | D:3      | 1820 ||| Stepping ~*~*~tactically~*~*~ (hiding).
  2013 | D:3      | 2013 ||| RIP SEWER
  2019 | D:3      | 2019 ||| PLANNING D:1-11
  2598 | D:3      | Found an ornate altar of the Wu Jian Council.
  2603 | D:3      | Found a broken altar of Ashenzari.
  2603 | D:3      | Found a sparkling altar of Nemelex Xobeh.
  2617 | D:3      | Found a radiant altar of Vehumet.
  2620 | D:3      | Found a basalt altar of Yredelemnul.
  2719 | D:3      | 2719 ||| READING scroll labelled ZYGUAZ NETEI.
  2720 | D:3      | 2720 ||| READING 2 scrolls of identify.
  2720 | D:3      | 2720 ||| IDENTIFYING green potion
  2721 | D:3      | 2721 ||| DROPPING potion of berserk rage.
  3026 | D:4      | Noticed Edmund
  3040 | D:4      | HP: 7/43 [Edmund/+1 flail of protection (5)]
  3041 | D:4      | 3041 ||| READING scroll of teleportation.
  3049 | D:4      | HP: 8/43 [kobold/+0 dagger (2)]
  3184 | D:4      | Killed Edmund
  3185 | D:4      | Reached skill level 7 in Axes
  3214 | D:4      | 3214 ||| DROPPING +0 whip.
  3281 | D:4      | 3281 ||| Stepping ~*~*~tactically~*~*~ (stealth).
  3283 | D:4      | 3283 ||| Stepping ~*~*~tactically~*~*~ (hiding).
  3285 | D:4      | 3285 ||| Stepping ~*~*~tactically~*~*~ (hiding).
  3401 | D:4      | Found a runed translucent door.
  3402 | D:4      | Noticed Crazy Yiuf
  3623 | D:4      | 3623 ||| READING scroll labelled GUZUCH XEDWO.
  3796 | D:5      | Reached XP level 8. HP: 16/49 MP: 8/8
  3946 | D:5      | Reached skill level 1 in Dodging
  4069 | D:5      | Found a runed translucent door.
  4085 | D:5      | 4085 ||| Stepping ~*~*~tactically~*~*~ (stealth).
  4087 | D:5      | 4087 ||| Stepping ~*~*~tactically~*~*~ (hiding).
  4088 | D:5      | 4088 ||| Stepping ~*~*~tactically~*~*~ (hiding).
  4128 | D:5      | Noticed Grinder
  4129 | D:5      | 4129 ||| Stepping ~*~*~tactically~*~*~ (hiding).
  4132 | D:5      | 4132 ||| Stepping ~*~*~tactically~*~*~ (hiding).
  4137 | D:5      | Paralysed by Grinder for 2 turns
  4140 | D:5      | Paralysed by Grinder for 5 turns
  4148 | D:5      | Killed Grinder
  4149 | D:5      | Reached skill level 8 in Axes
  4154 | D:5      | 4154 ||| FLEEEEING.
  4155 | D:5      | 4155 ||| FLEEEEING.
  4156 | D:5      | 4156 ||| FLEEEEING.
  4157 | D:5      | 4157 ||| FLEEEEING.
  4159 | D:5      | 4159 ||| FLEEEEING.
  4160 | D:5      | 4160 ||| FLEEEEING.
  4161 | D:5      | 4161 ||| FLEEEEING.
  4162 | D:5      | 4162 ||| FLEEEEING.
  4163 | D:5      | 4163 ||| FLEEEEING.
  4164 | D:5      | 4164 ||| FLEEEEING.
  4165 | D:5      | 4165 ||| FLEEEEING.
  4166 | D:5      | 4166 ||| FLEEEEING.
  4167 | D:5      | 4167 ||| FLEEEEING.
  4168 | D:5      | 4168 ||| FLEEEEING.
  4169 | D:5      | 4169 ||| FLEEEEING.
  4170 | D:5      | 4170 ||| FLEEEEING.
  4171 | D:5      | 4171 ||| FLEEEEING.
  4172 | D:5      | 4172 ||| FLEEEEING.
  4173 | D:5      | 4173 ||| FLEEEEING.
  4174 | D:5      | 4174 ||| FLEEEEING.
  4175 | D:5      | 4175 ||| FLEEEEING.
  4177 | D:5      | 4177 ||| FLEEEEING.
  4178 | D:5      | 4178 ||| FLEEEEING.
  4179 | D:5      | 4179 ||| FLEEEEING.
  4180 | D:5      | 4180 ||| FLEEEEING.
  4181 | D:5      | 4181 ||| FLEEEEING.
  4182 | D:5      | 4182 ||| FLEEEEING.
  4183 | D:5      | 4183 ||| FLEEEEING.
  4184 | D:5      | 4184 ||| FLEEEEING.
  4185 | D:5      | 4185 ||| FLEEEEING.
  4186 | D:5      | 4186 ||| FLEEEEING.
  4187 | D:5      | 4187 ||| FLEEEEING.
  4188 | D:5      | 4188 ||| FLEEEEING.
  4189 | D:5      | 4189 ||| FLEEEEING.
  4190 | D:5      | 4190 ||| FLEEEEING.
  4191 | D:5      | 4191 ||| FLEEEEING.
  4192 | D:5      | 4192 ||| FLEEEEING.
  4193 | D:5      | 4193 ||| FLEEEEING.
  4194 | D:5      | 4194 ||| FLEEEEING.
  4195 | D:5      | 4195 ||| FLEEEEING.
  4196 | D:5      | 4196 ||| FLEEEEING.
  4197 | D:5      | 4197 ||| FLEEEEING.
  4198 | D:5      | 4198 ||| FLEEEEING.
  4199 | D:5      | 4199 ||| FLEEEEING.
  4200 | D:5      | 4200 ||| FLEEEEING.
  4397 | D:5      | 4397 ||| Stepping ~*~*~tactically~*~*~ (stealth).
  4580 | D:5      | Found a runed translucent door.
  4730 | D:5      | 4730 ||| UPGRADING to ring of see invisible.
  4731 | D:5      | 4731 ||| DRINKING 3 metallic inky potions.
  4732 | D:5      | 4732 ||| DRINKING 3 glowing orange potions.
  4780 | D:5      | 4780 ||| READING 3 scrolls of identify.
  4780 | D:5      | 4780 ||| IDENTIFYING lumpy blue potion
  4781 | D:5      | 4781 ||| READING 2 scrolls of identify.
  4781 | D:5      | 4781 ||| IDENTIFYING pink potion
  4782 | D:5      | 4782 ||| DROPPING potion of ambrosia.
  4783 | D:5      | 4783 ||| DROPPING 2 potions of degeneration.
  4784 | D:5      | 4784 ||| DROPPING potion of brilliance.
  4869 | D:6      | 4869 ||| Stepping ~*~*~tactically~*~*~ (hiding).
  4972 | D:6      | 4972 ||| Stepping ~*~*~tactically~*~*~ (stealth).
  5065 | D:6      | 5065 ||| SWAPPING to +0 broad axe.
  5066 | D:6      | 5066 ||| DROPPING +0 war axe.
  5112 | D:6      | 5112 ||| Stepping ~*~*~tactically~*~*~ (stealth).
  5113 | D:6      | 5113 ||| Stepping ~*~*~tactically~*~*~ (stealth).
  5127 | D:6      | Reached skill level 6 in Fighting
  5240 | D:6      | 5240 ||| DRINKING 2 potions of curing.
  5240 | D:6      | 5240 ||| (to cure confusion)
  5424 | D:6      | Reached XP level 9. HP: 38/55 MP: 9/9
  5528 | D:6      | Noticed Dowan
  5529 | D:6      | Noticed Duvessa
  5537 | D:6      | Killed Dowan
  5541 | D:6      | HP: 10/55 [Duvessa/+0 rapier (5)]
  5542 | D:6      | Killed Duvessa
  5800 | D:6      | Found a transporter.
  5802 | D:6      | Found a transporter.
  5803 | D:6      | Noticed qw's ghost (novice GrFi)
  5807 | D:6      | Identified the +8 dire flail of Exquisite Death {spect, rF-
                  | Int+3 Dex+4}
  5807 | D:6      | Identified the +1 great mace "Anapli" {flame, Str+3}
  5807 | D:6      | Noticed a two-headed ogre
  5872 | D:6      | 5872 ||| UPGRADING to +0 helmet.
  5877 | D:6      | 5877 ||| UPGRADING to +6 ring of strength.
  5878 | D:6      | 5878 ||| READING scroll labelled BAFETHR VAMA.
  5878 | D:6      | Identified a scroll of acquirement
  5878 | D:6      | 5878 ||| ACQUIRING 520 gold pieces
  5878 | D:6      | Acquired 520 gold pieces
  5880 | D:6      | 5880 ||| READING scroll labelled ZUTA IKIOSM.
  5881 | D:6      | 5881 ||| DRINKING 3 sapphire potions.
  5882 | D:6      | 5882 ||| DRINKING 2 grey potions.
  5898 | D:7      | 5898 ||| STAIRDANCE
  5976 | D:7      | Reached skill level 9 in Axes
  6080 | D:7      | Found a staircase to the Ecumenical Temple.
  6081 | D:7      | 6081 ||| PLANNING TEMPLE
  6108 | D:7      | 6108 ||| Stepping ~*~*~tactically~*~*~ (stealth).
  6183 | Temple   | Entered the Ecumenical Temple
  6184 | Temple   | 6184 ||| PLANNING OKAWARU WORSHIP
  6386 | Temple   | Became a worshipper of Warmaster Okawaru
  6386 | Temple   | 6386 ||| PLANNING D:1-11
  6463 | D:7      | Reached skill level 6 in Armour
  6509 | D:7      | 6509 ||| Stepping ~*~*~tactically~*~*~ (hiding).
  6516 | D:7      | 6516 ||| DRINKING potion of curing.
  6516 | D:7      | 6516 ||| (to cure confusion)
  6624 | D:7      | 6624 ||| DROPPING +1 flail of protection.
  6872 | D:8      | 6872 ||| DROPPING +0 morningstar.
  6906 | D:8      | Reached skill level 1 in Throwing
  6977 | D:8      | 6977 ||| Stepping ~*~*~tactically~*~*~ (stealth).
  6979 | D:8      | 6979 ||| Stepping ~*~*~tactically~*~*~ (hiding).
  6998 | D:8      | Reached * piety under Okawaru
  6999 | D:8      | 6999 ||| INVOKING Heroism.
  7004 | D:8      | Reached XP level 10. HP: 43/63 MP: 7/10
  7008 | D:8      | Reached skill level 10 in Axes
  7077 | D:8      | Found Icrum's Book Emporium.
  7177 | D:8      | Found a staircase to the Lair.
  7197 | D:8      | Noticed Prince Ribbit
  7201 | D:8      | Killed Prince Ribbit
  7267 | D:8      | 7267 ||| FLEEEEING.
  7268 | D:8      | 7268 ||| FLEEEEING.
  7269 | D:8      | 7269 ||| FLEEEEING.
  7270 | D:8      | 7270 ||| STAIRDANCE
  7372 | D:7      | 7372 ||| READING scroll labelled UFITUGE KEIMMA.
  7459 | D:8      | 7459 ||| PLANNING LAIR
  7469 | Lair:1   | Entered Level 1 of the Lair of Beasts
  7474 | Lair:1   | Reached skill level 1 in Invocations
  7495 | Lair:1   | Noticed a catoblepas
  7496 | Lair:1   | 7496 ||| INVOKING Heroism.
  7517 | Lair:1   | Killed a catoblepas
  7737 | Lair:1   | Noticed Fannar
  7748 | Lair:1   | 7748 ||| INVOKING Heroism.
  7751 | Lair:1   | HP: 9/65 [Fannar/+0 quarterstaff of freezing (25)]
  7752 | Lair:1   | 7752 ||| DRINKING potion of heal wounds.
  7759 | Lair:1   | 7759 ||| INVOKING Heroism.
  7759 | Lair:1   | HP: 6/65 [Fannar/+0 quarterstaff of freezing (1)]
  7762 | Lair:1   | HP: 2/65 [Fannar/+0 quarterstaff of freezing (1)]
  7779 | Lair:1   | HP: 4/65 [Fannar/+0 quarterstaff of freezing (1)]
  7781 | Lair:1   | Slain by an ice beast

Levels and vault maps discovered:
D:1:      eino_arrival_cavern_c, layout_rooms,
          dreamdust_ecumenical_altar_angels_and_demons, minmay_rat_gold_closets
D:2:      layout_basic, minmay_fractal_squares_gapless_5, uniq_sigmund
D:3:      kennysheep_goblin_castle, layout_basic,
          minmay_overflow_temple_star_hex, portal_sewer_entry_f,
          minmay_divided_ellipse, uniq_terence
D:4:      layout_loops_ring, amcnicky_mini_rare_corridor_liquid, uniq_edmund,
          uniq_crazy_yiuf_cottage
D:5:      lemuel_insect_pit, layout_basic, uniq_grinder
D:6:      layout_cave_pools, gammafunk_ghost_smash, minivault_10, uniq_duvessa
D:7:      layout_rooms, minmay_temple_entry_ruins, grunt_decor_cap,
          minmay_misc_feat_alley
D:8:      nicolae_cairo_tiling_large_dashed, layout_rooms, serial_shops,
          nicolae_shop_waterfront, uniq_prince_ribbit1
Temple:   nicolae_temple_bog_church
Lair:1:   layout_hall_layers, lightli_volcano_entry_magma_tube,
          ebering_ghost_rock_garden, amcnicky_mini_pool_medium, uniq_fannar

Skill      XL: |  1  2  3  4  5  6  7  8  9 10 |
---------------+-------------------------------+-----
Axes           | 2 3 5 6 7 8 9 10 | 10.0
Fighting       | 4 5 6 7 8 |  8.8
Armour         | 4 5 6 |  6.0
Dodging        | 1 |  1.7
Shields        | 4 |  4.5
Throwing       | 2 |  2.3
Invocations    | 1 |  1.0

Action                     |  1- 3 |  4- 6 |  7- 9 | 10-12 || total
---------------------------+-------+-------+-------+-------++-------
  Melee: War axe           |    99 |    55 |   215 |       ||   369
         Broad axe         |       |       |   156 |    71 ||   227
  Throw: Boomerang         |       |       |     2 |     2 ||     4
 Invoke: Heroism           |       |       |     1 |     3 ||     4
    Use: Scroll            |     5 |     2 |     8 |     1 ||    16
         Potion            |     2 |     1 |     6 |     1 ||    10
 Armour: Scale mail        |    37 |       |       |       ||    37
         Plate armour      |    24 |    36 |   326 |    39 ||   425
  Dodge: Dodged            |    41 |    17 |   130 |    25 ||   213
  Block: Buckler           |    21 |     6 |    55 |     9 ||    91

Table legend:
 A = Non-vault XP
 B = Vault XP
 C = Vault XP percentage of total XP
 D = Non-vault monster count
 E = Vault monster count
 F = Vault count percentage of total count
                 A         B        C        D         E       F
            +---------+---------+-------+---------+---------+-------
      Total |    4521 |    1465 |  24.5 |     138 |      37 |  21.1
            +---------+---------+-------+---------+---------+-------
        D:1 |      21 |       8 |  27.6 |      12 |       8 |  40.0
        D:2 |      19 |     232 |  92.4 |      10 |       5 |  33.3
        D:3 |      36 |     291 |  89.0 |      16 |      19 |  54.3
        D:4 |     305 |     166 |  35.2 |      22 |       1 |   4.3
        D:5 |     378 |     281 |  42.6 |      14 |       1 |   6.7
        D:6 |     917 |     219 |  19.3 |      15 |       2 |  11.8
        D:7 |    1093 |       0 |   0.0 |      21 |       0 |   0.0
        D:8 |     801 |     268 |  25.1 |      26 |       1 |   3.7
     Lair:1 |     951 |       0 |   0.0 |       2 |       0 |   0.0
            +---------+---------+-------+---------+---------+-------
